 Dungeon Crawl Stone Soup version 0.24.1-11-gbbbb2193e6 (webtiles) character file.

Game seed: 18220384803891679613, levelgen mode: deterministic

79 Peloso the Shield-Bearer (level 4, 35/35 HPs)
             Began as a Demonspawn Fighter on May 12, 2020.
             Got out of the dungeon alive.
             The game lasted 00:02:49 (1243 turns).

Peloso the Shield-Bearer (Demonspawn Fighter)       Turns: 1243, Time: 00:02:50

Health: 35/35      AC: 10    Str: 17    XL:     4   Next: 16%
Magic:  4/4        EV:  4    Int:  9    God:
Gold:   109        SH:  9    Dex: 13    Spells: 3/3 levels left

rFire    . . .     SeeInvis .   a - +0 long sword
rCold    . . .     Gourm    .   c - +0 shield
rNeg     . . .     Faith    .   l - +0 chain mail
rPois    .         Spirit   .   (helmet restricted)
rElec    .         Reflect  .   (no cloak)
rCorr    .         Harm     .   (no gloves)
MR       +....                  j - +0 pair of boots
Stlth    ..........             (no amulet)
HPRegen  0.11/turn              p - ring of protection from magic
MPRegen  0.09/turn              (no ring)

@: no status effects
A: antennae 1, powered by pain 1
a: no special abilities


You escaped.
You were not hungry.

You visited 1 branch of the dungeon, and saw 2 of its levels.

You collected 109 gold pieces.

Inventory:

Hand Weapons
 a - a +0 long sword (weapon)
Armour
 b - a +0 scale mail
 c - a +0 shield (worn)
 j - a +0 pair of boots (worn)
 l - a +0 chain mail (worn)
Jewellery
 p - a ring of protection from magic (left hand)
Scrolls
 e - 2 scrolls of amnesia {unknown}
 g - 3 scrolls of identify {unknown}
 i - a scroll of enchant weapon {unknown}
 k - a scroll of remove curse {unknown}
 m - a scroll of teleportation {unknown}
 o - a scroll of enchant armour {unknown}
Potions
 d - 2 potions of might
 h - 2 potions of curing
 n - a potion of heal wounds {unknown}
 q - a potion of cancellation {unknown}
Comestibles
 f - 3 rations


   Skills:
 + Level 3.2 Fighting
 + Level 2.7 Long Blades
 + Level 3.1 Armour
 + Level 0.2 Dodging
 + Level 3.5 Shields


You had 3 spell levels left.
You didn't know any spells.
Your spell library was empty.

Dungeon Overview and Level Annotations

Branches:
Dungeon (2/15)

Altars:
Dithmenos


Innate Abilities, Weirdness & Mutations

You have a pair of small antennae on your head.
You sometimes gain a little power by taking damage.


Message History

(D) Dungeon
Where to? (Enter - D:12, ? - help)
What level of the Dungeon? (default 1, ? - help)
You butcher the hobgoblin corpse.
r - a chunk of flesh
Things that are here:
a +0 club; a hobgoblin skeleton
Things that are here:
a +0 club; a hobgoblin skeleton Eating a chunk of flesh.
You eat the chunk of flesh.
This raw flesh tastes terrible.
There is a stone staircase leading up here.
You climb upwards.
There is a stone staircase leading down here.
There is an open door here.
There is an open door here.
There is a dry fountain here.
There is a staircase leading out of the dungeon here.
Are you sure you want to leave the Dungeon?
This will make you lose the game!
You have escaped!

....##...##.##########.#.#...####
.........................#...# #
............##########.#####.# #
...........................(.# #
...........)(.#####....##########
########.#....#...#....#.........
.......#)#..###.⌠.###..#.########
.......'.#).#.......#..#.#
.......###..+.⌠.@.⌠.'..#.#
.......###..#.......#..#.#
............###.⌠.###..#.#
..............#...#....#.#
..............#####....#.#
.......###.............#.#
.......###.......####..#.#
#######...######.)# ##.#.# ..#
#.........#.# #.#.#


There were no monsters in sight!

Vanquished Creatures
  Natasha (D:2)
  An adder (D:2)
  An ooze (D:2)
  A worm (D:2)
  2 dart slugs (D:1)
  3 bats
  A giant cockroach (D:1)
  4 goblins
  4 hobgoblins
  4 jackals (D:2)
  3 kobolds
  4 frilled lizards
  5 rats
34 creatures vanquished.

Notes
Turn   | Place    | Note
-------+----------+-------------------------------------------
     0 | D:1      | Peloso the Demonspawn Fighter began the quest for the Orb.
     0 | D:1      | Reached XP level 1. HP: 18/18 MP: 1/1
   145 | D:1      | Gained mutation: You sometimes gain a little power by
                  | taking damage. [demonic ancestry]
   145 | D:1      | Reached XP level 2. HP: 24/24 MP: 2/2
   984 | D:2      | Reached XP level 3. HP: 21/29 MP: 3/3
  1121 | D:2      | Found a shadowy altar of Dithmenos.
  1147 | D:2      | Noticed Natasha
  1158 | D:2      | Killed Natasha
  1158 | D:2      | Gained mutation: You have a pair of small antennae on your
                  | head. [demonic ancestry]
  1158 | D:2      | Reached XP level 4. HP: 31/35 MP: 4/4
  1243 | D:$      | Got out of the dungeon alive.

Levels and vault maps discovered:
D:1:      dpeg_arrival_simpleton_c, layout_basic
D:2:      layout_loops_ring, nicolae_dithmenos_shadow_blocks,
          chequers_ecumenical_altar_island, uniq_robin, uniq_natasha

Skill      XL: |  1  2  3 |
---------------+----------+-----
Long Blades    | 2 |  2.7
Shields        | 3 |  3.5
Armour         | 3 |  3.1
Fighting       | |  3.2
Dodging        | |  0.2

Action                   |  1- 3 |  4- 6 || total
-------------------------+-------+-------++-------
Melee: Long sword        |   127 |     4 ||   131
  Use: Potion            |     1 |       ||     1
  Eat: Chunk             |       |     1 ||     1
Armor: Scale mail        |     9 |       ||     9
       Chain mail        |    77 |     3 ||    80
Dodge: Dodged            |    33 |       ||    33
Block: Shield            |    90 |     2 ||    92
       Rpst.: Long sword |    12 |       ||    12
